 Dungeon Crawl Stone Soup version 0.31.0-11-ge490571c62 (webtiles) character file.

Game seed: 14348555266326705947

70 Gadfly the Ruffian (level 4, 30/33 HPs)
             Began as a Demonspawn Shapeshifter on Jan 27, 2024.
             Quit the game on level 2 of the Dungeon.
             The game lasted 00:03:30 (1462 turns).

Gadfly the Ruffian (Demonspawn Shapeshifter)        Turns: 1462, Time: 00:03:31

Health: 30/33      AC:  3    Str: 17    XL:     4   Next: 3%
Magic:  4/4        EV: 12    Int: 12    God:
Gold:   100        SH:  0    Dex: 12    Spells: 3/3 levels left

rFire   . .          .
                       - Unarmed
rCold   . . .        (no shield)
rNeg    . . .        a - +1 animal skin
rPois   .            (helmet currently unavailable)
rElec   .            (cloak currently unavailable)
rCorr   .            f - melded +0 pair of gloves
SInv    .            (boots currently unavailable)
Will    .....        (no amulet)
Stlth   +            (no ring)
HPRegen 0.25/turn    (no ring)
MPRegen 0.09/turn

%: no passive effects
@: beast-form
A: beast (slay +1), big brain 1, demonic touch 1
a: Begin Untransformation


You were on level 2 of the Dungeon.
You were a hulking beast.
You visited 1 branch of the dungeon, and saw 2 of its levels.

You collected 100 gold pieces.

Inventory:

Hand Weapons
 b - a +1 vampiric dagger
Armour
 a - a +1 animal skin (worn)
 f - a +0 pair of gloves (melded)
Talismans
 c - a beast talisman (active)
 d - a flux talisman
Scrolls
 h - a scroll of fog {unknown}
Potions
 e - 2 potions of lignification
 g - a potion of might {unknown}


   Skills:
 + Level 1.7 Fighting
 * Level 2.6 Dodging
 + Level 3.0 Unarmed Combat
 * Level 1.5 Evocations
 + Level 2.9 Shapeshifting


You had 3 spell levels left.
You didn't know any spells.
Your spell library was empty.

Dungeon Overview and Level Annotations

Branches:
Dungeon (2/15)

Altars:


Innate Abilities, Weirdness & Mutations

You are a hulking beast.
Your limbs bulge with bestial killing power. (Slay +1)
You have an unusually large brain. (Int +2)
Your touch may inflict minor irresistible damage on your foes.


Message History

The goblin is heavily wounded.
The goblin barely misses you.
You hit the goblin.
You touch the goblin.
You kill the goblin!
No target in view!
No target in view!
No target in view!
No target in view!
No target in view!
You see here a +0 club.
Found an escape hatch in the ceiling. 3 orcs come into view.
Found 14 gold pieces.
The orc shouts!
The orc moves out of view.
You see here a grey potion.
There are monsters nearby!
You hit the orc.
The orc is almost dead.
The orc hits you but does no damage.
You hit the orc.
You kill the orc!
You closely miss the orc. Your touch misses the orc.
The orc hits you with a +0 club.
You hit the orc.
You touch the orc.
You kill the orc!
You have reached level 4!
You feel stronger.
Your demonic ancestry asserts itself...
Your brain expands.
You closely miss the orc. The orc barely misses you.
You hit the orc.
The orc is heavily wounded.
The orc misses you.
You hit the orc.
You kill the orc!
No target in view!
Saving game... please wait.
Welcome back, Gadfly the Demonspawn Shapeshifter.
Press ? for a list of commands and other information.
Are you sure you want to abandon this character and quit the game? (Confirm with "yes".)

#.....# #.#.#.#
### #.#.#.# ...
#.####.#.#.# #<#
#........... #.#
########.### .
#.# #.#
#...####.## #.#
#...$)h..# #>#
#######.!#######
#.# #.........
#.# ##.######.
#.# #.# #.# #.#
#.# #.# #.#
##.######. #.#
#......... #.#


There were no monsters in sight!

Vanquished Creatures
  A gnoll (D:2)
  2 dart slugs
  3 orcs (D:2)
  2 bats
  6 endoplasms
  3 giant cockroaches
  3 goblins
  6 hobgoblins
  4 jackals (D:2)
  A quokka (D:1)
  5 ball pythons
  2 frilled lizards (D:1)
  5 kobolds
  6 rats
49 creatures vanquished.

Notes
Turn   | Place    | Note
-------+----------+-------------------------------------------
     0 | D:1      | Gadfly the Demonspawn Shapeshifter began the quest for the
                  | Orb.
     0 | D:1      | Reached XP level 1. HP: 15/15 MP: 1/1
   150 | D:1      | Gained mutation: Your touch may inflict minor irresistible
                  | damage on your foes. [demonic ancestry]
   150 | D:1      | Reached XP level 2. HP: 16/21 MP: 2/2
   507 | D:1      | Reached skill level 1 in Evocations
   665 | D:1      | Reached XP level 3. HP: 26/26 MP: 3/3
  1006 | D:2      | Reached skill level 3 in Unarmed Combat
  1459 | D:2      | Gained mutation: You have an unusually large brain. (Int
                  | +2) [demonic ancestry]
  1459 | D:2      | Reached XP level 4. HP: 29/33 MP: 4/4
  1462 | D:2      | Quit the game

Illustrated notes

Levels and vault maps discovered:
D:1:      dpeg_arrival_simpleton_c, layout_loops_corners, minmay_surrounded
D:2:      layout_loops_ring, minmay_mini_jars

Skill      XL: |  1  2  3 |
---------------+----------+-----
Dodging        | 2 |  2.6
Evocations     | 1 |  1.5
Unarmed Combat | 3 |  3.0
Fighting       | |  1.7
Shapeshifting  | |  2.9

Action                     |  1- 3 |  4- 6 || total
---------------------------+-------+-------++-------
  Melee: Unarmed           |   115 |     3 ||   118
         Touch             |    12 |       ||    12
         Punch             |     1 |       ||     1
Ability: Begin Untransform |     1 |       ||     1
    Use: Scroll            |     4 |       ||     4
   Stab: Sleeping          |     3 |       ||     3
 Armour: Animal skin       |    62 |       ||    62
  Dodge: Dodged            |    67 |     2 ||    69
   Form: Beast             |     1 |       ||     1
